 Dungeon Crawl Stone Soup version 0.29.1-4-g47bece8355 (webtiles) character file.

Game seed: 9614664952697034774

4053 venomsnake the Fighter (level 10, -9/91 HPs)
             Began as a Minotaur Berserker on Dec 9, 2022.
             Was an Elder of Trog.
             Mangled by a boulder beetle (22 damage)
             ... on level 7 of the Dungeon.
             The game lasted 00:31:32 (8446 turns).

venomsnake the Fighter (Minotaur Berserker)         Turns: 8446, Time: 00:31:33

Health: -9/91      AC: 18    Str: 29    XL:     10   Next: 4%
Magic:  9/9        EV: 13    Int:  4    God:    Trog [****..]
Gold:   271        SH:  0    Dex: 17    Spells: 9/9 levels left

rFire   x . .      SeeInvis .   C - +2 war axe
rCold   . . .      Faith    .   (no shield)
rNeg    + . .      Spirit   .   d - +0 chain mail
rPois   .          Reflect  .   (helmet restricted)
rElec   .          Harm     .   e - +0 cloak
rCorr   .          Rampage  .   (no gloves)
Will    +....                   i - +0 pair of boots
Stlth   ..........              (no amulet)
HPRegen 0.25/turn               y - ring "Zasosin" {rF- rN+ Will+ Str+3 Dex+7}
MPRegen 0.11/turn               k - +4 ring of protection

@: on berserk cooldown, slowed, very slow
A: horns 2, retaliatory headbutt
a: Renounce Religion, Berserk, Trog's Hand, Brothers in Arms


You were on level 7 of the Dungeon.
You worshipped Trog.
Trog was greatly pleased with you.
You visited 1 branch of the dungeon, and saw 7 of its levels.

You collected 441 gold pieces.
You spent 170 gold pieces at shops.

Inventory:

Hand Weapons
 C - a +2 war axe (weapon)
Armour
 d - a +0 chain mail (worn)
 e - a +0 cloak (worn)
 i - a +0 pair of boots (worn)
Jewellery
 k - a +4 ring of protection (right hand)
 o - a ring of poison resistance
 q - a +6 ring of strength
 s - a ring of protection from cold
 v - a +6 ring of strength
 y - the ring "Zasosin" (left hand) {rF- rN+ Will+ Str+3 Dex+7}
   (You found it on level 4 of the Dungeon)

   [ring of positive energy]

   Str:       It affects your strength (+3).
   Dex:       It affects your dexterity (+7).
   rF:        It makes you vulnerable to fire.
   rN:        It protects you from negative energy.
   Will:      It increases your willpower.
Wands
 a - a wand of digging (8)
 x - a wand of iceblast (19)
Scrolls
 c - 2 scrolls of immolation
 g - a scroll of silence {unknown}
 j - a scroll of fear
 m - a scroll of vulnerability {unknown}
 n - a scroll of blinking {unknown}
 u - a scroll of amnesia {unknown}
 w - a scroll of teleportation {unknown}
 z - 6 scrolls of identify
 B - a scroll of torment {unknown}
 D - a scroll of noise {unknown}
 G - a scroll of poison {unknown}
 H - a scroll of magic mapping {unknown}
 I - a scroll of enchant armour {unknown}
Potions
 b - 4 potions of curing {unknown}
 h - 2 potions of invisibility {unknown}
 l - 3 potions of might {unknown}
 p - a potion of attraction {unknown}
 r - 6 potions of magic {unknown}
 t - 2 potions of degeneration {unknown}
 A - 3 potions of heal wounds {unknown}
 E - 2 potions of ambrosia {unknown}
 F - a potion of haste {unknown}


   Skills:
 + Level 9.5 Fighting
 + Level 9.4 Axes
 + Level 9.1 Armour
 + Level 8.2 Dodging


You had 9 spell levels left.
You didn't know any spells.
Your spell library was empty.

Dungeon Overview and Level Annotations

Branches:
Dungeon (7/15)             Temple (0/1) D:6

Altars:
Dithmenos
Elyvilon
Gozag
Makhleb
Vehumet
Xom
Yredelemnul

Shops:
D:6 ?   D:7 (


Innate Abilities, Weirdness & Mutations

You have a pair of horns on your head.
You reflexively headbutt those who attack you in melee.


Message History

You hit the boulder beetle.
You headbutt the boulder beetle, but do no damage.
The boulder beetle is moderately wounded.
The boulder beetle bites you.
You hit the boulder beetle but do no damage.
The boulder beetle is lightly wounded.
The boulder beetle bites you but does no damage.
You slash the boulder beetle!
The boulder beetle is moderately wounded.
The boulder beetle leaps!
The boulder beetle curls into a ball and begins rolling!
The boulder beetle hits you!!
The boulder beetle stops rolling and uncurls.
You are too injured to fight recklessly!
You are too injured to fight recklessly!
You hit the boulder beetle but do no damage.
You headbutt the boulder beetle!
The boulder beetle is moderately wounded.
The boulder beetle bites you but does no damage.
You hit the boulder beetle but do no damage.
The boulder beetle is moderately wounded.
The boulder beetle bites you!
* * * LOW HITPOINT WARNING * * *
A red film seems to cover your vision as you go berserk!
You feel yourself moving faster!
You feel mighty!
The boulder beetle leaps!
A boulder beetle is nearby!
You are too injured to fight recklessly!
You feel a strong urge to attack something.
You see here a +0 morningstar.
You feel your anger nearly subside.
The boulder beetle curls into a ball and begins rolling!
You are no longer berserk.
You are exhausted.
You feel yourself slow down.
You see here a +0 war axe.
You hit the boulder beetle but do no damage.
You headbutt the boulder beetle, but do no damage.
The boulder beetle is moderately wounded.
The boulder beetle hits you!!
You die...

.# #...##......................
.#####.#..............)###.......
.......#.#.....#######..#..######
#......#.#.#..##.....##...##...
.......#.....### ... ###.##..###
.......##...###)##.##:####.....#.
.##....##...#. #.#.#.##.#..##....
.##....##...#.°##...##..#.##)....
.###.#.##...#..B@......).........
.# #.#.##...#..##)..##..#)####..#
.# #.#.##...#. #.#.#.##.#... .B
.# #.#.##...###.##.##.####.... .
.# #.#.####..####...### #...# ##
#..<#...#..##.....# #....
######.##......###.### ##.#
.......#...#..##.....## #.
######.#.....##..⌠.⌠..##


You could see a boulder beetle (rolling).

Vanquished Creatures
  2 two-headed ogres (D:7)
  Grinder (D:2)
  Edmund (D:4)
  Menkaure (D:5)
  A water moccasin (D:7)
  An orc warrior (D:7)
  An ice beast (D:4)
  2 black bears
  An ogre (D:3)
  2 centaurs
  A phantom (D:7)
  A bullfrog (D:7)
  6 scorpions
  2 necrophages
  2 electric eels (D:6)
  A howler monkey (D:5)
  2 jellies (D:6)
  The ghost of elongatedgoose the Ducker, a weakling FeBe of Trog (D:3)
  3 hounds
  8 orc priests
  7 iguanas
  9 orc wizards
  7 adders
  4 gnolls
  A white imp (D:7)
  An ufetubus (D:5)
  2 worms
  2 dart slugs
  27 orcs
  5 endoplasms
  A giant cockroach (D:1)
  10 goblins
  4 hobgoblins
  8 quokkas
  6 ball pythons
  6 bats
  4 frilled lizards
  7 kobolds
  3 rats
154 creatures vanquished.

Vanquished Creatures (others)
  17 plants (D:6)
17 creatures vanquished.

Grand Total: 171 creatures vanquished

Notes
Turn   | Place    | Note
-------+----------+-------------------------------------------
     0 | D:1      | venomsnake the Minotaur Berserker began the quest for the
                  | Orb.
     0 | D:1      | Reached XP level 1. HP: 19/19 MP: 0/0
   219 | D:1      | Reached XP level 2. HP: 20/27 MP: 1/1
   481 | D:1      | Found a faded altar of an unknown god.
   715 | D:2      | Reached XP level 3. HP: 33/33 MP: 2/2
   834 | D:2      | Reached ** piety under Trog
  1628 | D:3      | Found a runed translucent gate.
  1628 | D:3      | Found a runed translucent gate.
  1628 | D:3      | Found a runed translucent gate.
  1628 | D:3      | Found an opulent altar of Gozag.
  1632 | D:3      | Noticed an ogre
  1632 | D:3      | Noticed elongatedgoose's ghost (weakling FeBe)
  1650 | D:3      | Reached XP level 4. HP: 11/41 MP: 3/3
  2042 | D:3      | Noticed Grinder
  2064 | D:3      | Paralysed by Grinder for 4 turns
  2078 | D:2      | Paralysed by Grinder for 4 turns
  2251 | D:2      | Paralysed by Grinder for 3 turns
  2258 | D:2      | Paralysed by Grinder for 4 turns
  2264 | D:2      | Killed Grinder
  2265 | D:2      | Reached skill level 5 in Fighting
  2265 | D:2      | Reached skill level 5 in Axes
  2265 | D:2      | Reached XP level 5. HP: 41/48 MP: 4/4
  2265 | D:2      | Reached XP level 6. HP: 47/56 MP: 5/5
  2849 | D:3      | Killed elongatedgoose's ghost
  2994 | D:4      | Reached *** piety under Trog
  2995 | D:4      | Reached skill level 5 in Armour
  2995 | D:4      | Reached XP level 7. HP: 50/62 MP: 6/6
  3104 | D:4      | Identified the +3 sling "Aubergine" {venom, rC+ rN+}
  3134 | D:4      | Noticed Edmund
  3147 | D:4      | Killed Edmund
  3148 | D:4      | Reached skill level 5 in Dodging
  3485 | D:4      | Reached XP level 8. HP: 63/71 MP: 7/7
  3888 | D:4      | Identified the ring "Zasosin" {rF- rN+ Will+ Str+3 Dex+7}
  4273 | D:5      | Entered Level 5 of the Dungeon
  4507 | D:5      | Identified the +1 short sword of Dissatisfaction {vorpal,
                  | rElec rF+}
  4519 | D:5      | Reached **** piety under Trog
  5170 | D:5      | Noticed Menkaure
  5178 | D:5      | Killed Menkaure
  5233 | D:5      | Found a white marble altar of Elyvilon.
  5296 | D:5      | Found a basalt altar of Yredelemnul.
  5361 | D:6      | Found a staircase to the Ecumenical Temple.
  5519 | D:6      | Found Sita's Magic Scroll Shoppe.
  5527 | D:6      | Bought a scroll of identify for 22 gold pieces
  5527 | D:6      | Bought 3 scrolls of identify for 66 gold pieces
  5754 | D:6      | Reached XP level 9. HP: 44/81 MP: 8/8
  6381 | D:6      | Found a radiant altar of Vehumet.
  7091 | D:6      | Bought a scroll of enchant weapon for 82 gold pieces
  7123 | D:7      | Found Ytsic's Weapon Shoppe.
  7396 | D:7      | Noticed a two-headed ogre
  7402 | D:7      | Killed a two-headed ogre
  7986 | D:7      | Found a burning altar of Makhleb.
  7986 | D:7      | Noticed an Executioner
  8065 | D:7      | Found a radiant altar of Vehumet.
  8066 | D:7      | Found a shimmering altar of Xom.
  8067 | D:7      | Found an opulent altar of Gozag.
  8067 | D:7      | Found a shadowy altar of Dithmenos.
  8078 | D:7      | Noticed a two-headed ogre
  8123 | D:7      | Killed a two-headed ogre
  8124 | D:7      | Reached XP level 10. HP: 54/91 MP: 9/9
  8331 | D:7      | Noticed a boulder beetle
  8446 | D:7      | Mangled by a boulder beetle

Illustrated notes

Levels and vault maps discovered:
D:1:      grunt_arrival_lava_bath, layout_rooms,
          hellmonk_ecumenical_altar_inner_sanctum
D:2:      layout_basic
D:3:      layout_loops_cross, ebering_ghost_gozag, uniq_grinder
D:4:      layout_basic, hangedman_abyss_or_decor_lesser_grid, minmay_between,
          uniq_edmund
D:5:      layout_rooms, kennysheep_ying_yang, minivault_24, grunt_ministairs_6,
          chequers_serial_rivers_small_a, uniq_menkaure
D:6:      layout_loops_ring, nicolae_overflow_hidden_temple,
          minmay_temple_entry_large_hall, serial_shops, nicolae_stop_n_shop_1,
          serial_bayou_lagoon_b
D:7:      minmay_the_grid_octo_2x2 [minmay_the_grid_octo_shrine,
          minmay_the_grid_octo_clover_2, minmay_the_grid_octo_tetromino_candy,
          minmay_the_grid_octo_prize_star], layout_basic,
          makhleb_altar_promises_db, doesnt_xom_only_xom, serial_shops, shop

Skill      XL: |  1  2  3  4  5  6  7  8  9 |
---------------+----------------------------+-----
Fighting       | 4 5 6 7 9 |  9.5
Axes           | 4 5 6 7 9 |  9.4
Armour         | 3 4 5 6 7 9 |  9.1
Dodging        | 3 4 5 6 8 |  8.2

Action                   |  1- 3 |  4- 6 |  7- 9 | 10-12 || total
-------------------------+-------+-------+-------+-------++-------
Melee: Hand axe          |    80 |    76 |   123 |       ||   279
       Headbutt          |     5 |    15 |    50 |     5 ||    75
       Punch             |       |       |     2 |       ||     2
       War axe           |       |       |   116 |    20 ||   136
Invok: Berserk           |       |       |       |     1 ||     1
Evoke: Wand              |       |       |     1 |       ||     1
  Use: Scroll            |       |       |     4 |       ||     4
Armor: Chain mail        |    51 |    53 |   126 |     7 ||   237
Dodge: Dodged            |    36 |    37 |   110 |     6 ||   189
